Map: Temple of the Past

Players

ZPR

  • Race: Zerg Zerg
  • Spawn Location: 0:00

zpr

  • Race: Terran Terran
  • Spawn Location: 0:00

VOD

Have the link to the VOD?

Description

Time

  • Played on: Jan. 26, 2018, 1:43 p.m.
  • Length: 26:29
Show
View Real Time Build Order
Export as new Build Order

ZPR Zerg 

Build Orders:  

Get SALT Encoding   

  12  0:03  Drone  
  13  0:11  Drone  
  14  0:21  Drone, Extractor  
  15  0:32  Overlord  
  15  1:05  Hatchery  
  15  1:09  Drone  
  15  1:15  Drone  
  16  1:20  Drone  
  16  1:26  Drone  
  18  1:34  Drone  
  18  1:39  Extractor  
  18  1:40  Extractor  
  18  1:47  Drone  
  18  1:53  Evolution Chamber  
  17  2:01  Drone  
  17  2:06  Drone  
  19  2:16  Drone  
  20  2:21  Drone  
  21  2:31  Drone  
  21  2:33  Heroic Fortitude  
  22  2:40  Drone  
  22  2:48  Drone  
  24  2:51  Drone  
  24  2:57  Zerg Melee Weapons Level 1  
  25  3:02  Spawning Pool  
  25  3:04  Drone  
  25  3:10  Drone  
  25  3:18  Overlord  
  26  3:32  Lair  
  26  3:37  Drone  
  27  3:43  Drone x2  
  27  3:47  Drone  
  30  3:52  Drone  
  31  4:01  Zerg Ground Armor Level 1  
  30  4:22  Overlord, Drone x2  
  30  4:23  Drone  
  33  4:33  Hatchery  
  32  4:44  Drone  
  32  4:45  Nydus Network  
  32  4:50  Overlord  
  32  5:02  Drone  
  32  5:03  Drone x2  
  35  5:18  Zergling x4  
  37  5:20  Chain Reaction  
  37  5:21  Metabolic Boost  
  37  5:24  Queen  
  39  5:33  Zergling x2  
  39  5:35  Zergling x5  
  39  5:36  Zergling  
  39  5:38  Zergling  
  39  5:39  Zergling x2  
  41  5:40  Omega Worm, Zergling  
  41  5:50  Zergling x4  
  41  5:51  Zergling x9  
  41  5:53  Zergling  
  41  5:54  Zergling x2  
  41  5:56  Zerg Melee Weapons Level 2, Zergling x2  
  41  5:58  Zergling x2  
  46  6:03  Zergling x2  
  46  6:04  Zergling x11  
  46  6:05  Zergling x3  
  46  6:06  Zergling  
  46  6:07  Zergling  
  46  6:08  Zergling  
  46  6:16  Zergling x4  
  46  6:17  Zergling x4  
  46  6:19  Zergling x2  
  39  6:20  Hardened Carapace, Zergling x12  
  50  6:21  Hive  
  50  6:22  Zergling x6  
  50  6:23  Zergling x5  
  50  6:24  Zergling x3  
  50  6:33  Overlord x2  
  50  6:34  Overlord  
  50  6:40  Zergling x4  
  50  6:42  Zergling x4  
  50  6:43  Zergling x4  
  50  6:45  Zergling  
  50  6:46  Zergling x6  
  50  6:49  Zergling  
  42  6:50  Zergling  
  51  6:59  Nydus Network  
  50  7:00  Omega Worm, Zergling x2  
  50  7:01  Zergling  
  50  7:02  Zergling x2  
  50  7:03  Zergling  
  50  7:04  Zergling  
  50  7:16  Zergling x2  
  50  7:17  Zergling x18  
  50  7:18  Queen  
  57  7:30  Zergling x5  
  57  7:31  Zergling x5  
  57  7:32  Zergling x6  
  57  7:33  Zergling x4  
  57  7:34  Zergling x6  
  57  7:35  Zergling x8  
  57  7:36  Zergling x19  
  57  7:37  Zergling  
  54  7:41  Zergling x2  
  54  7:42  Zergling x8  
  59  7:50  Omega Worm  
  59  7:54  Zergling x4  
  59  7:55  Zergling x2  
  59  7:56  Zergling x10  
  65  8:04  Zergling x5  
  65  8:05  Zergling x5  
  65  8:06  Zergling x2  
  65  8:07  Ability Efficiency, Zergling  
  65  8:08  Zergling  
  65  8:09  Zergling x11  
  65  8:10  Shredding Claws, Zergling x3  
  65  8:12  Zergling x3  
  65  8:13  Omega Worm, Zergling x2  
  65  8:14  Zergling x5  
  65  8:15  Zergling x10  
  65  8:16  Zergling  
  65  8:17  Zergling x3  
  65  8:18  Zergling x8  
  65  8:19  Zergling x18  
  70  8:20  Zergling x12  
  70  8:21  Overlord, Zergling x4  
  70  8:22  Zergling  
  70  8:23  Zergling x4  
  70  8:24  Zergling  
  70  8:25  Zergling x4  
  70  8:26  Zergling x9  
  70  8:27  Zergling  
  70  8:28  Zergling x4  
  70  8:29  Zergling x3  
  70  8:31  Zergling x2  
  70  8:34  Zergling x4  
  70  8:35  Zergling x14  
  70  8:36  Zergling x12  
  70  8:37  Zergling x6  
  70  8:38  Zergling x26  
  70  8:39  Zergling x5  
  71  8:41  Zergling x27  
  71  8:42  Zergling x2  
  71  8:43  Zergling x9  
  71  8:44  Zergling x23  
  71  8:45  Zergling x10  
  71  8:46  Overlord x3, Adrenal Overload, Zergling x2  
  71  8:47  Zergling x19  
  71  8:48  Zergling x9  
  71  8:49  Zergling x11  
  74  8:50  Zergling x12  
  74  8:51  Zergling x9  
  74  8:52  Zergling x4  
  74  8:53  Zergling x8  
  74  8:54  Zergling x31  
  74  8:55  Omega Worm, Zergling x7  
  74  9:00  Zergling x10  
  74  9:01  Zergling x13  
  74  9:02  Zergling x4  
  74  9:03  Zergling x19  
  74  9:04  Zergling x8  
  74  9:05  Zergling x5  
  74  9:06  Zergling x8  
  74  9:07  Zergling  
  74  9:08  Zergling x5  
  74  9:09  Zergling x3  
  75  9:10  Zergling x2  
  75  9:11  Zergling  
  75  9:12  Zergling x3  
  75  9:13  Zergling x2  
  75  9:14  Zergling x5  
  75  9:16  Zergling  
  77  9:25  Omega Worm  
  77  9:42  Zergling x10  
  77  9:43  Zergling x12  
  77  9:44  Zergling x6  
  90  9:52  Zergling  
  90  9:53  Zergling x5  
  90  9:55  Zergling x4  
  90  9:56  Zergling x2  
  90  9:57  Omega Worm  
  90  9:59  Zergling x2  
  61  10:00  Zergling x2  
  89  10:04  Zergling x2  
  89  10:06  Zergling x6  
  89  10:07  Zergling x2  
  89  10:08  Zergling x7  
  89  10:09  Zergling x9  
  88  10:10  Zergling x10  
  88  10:11  Zergling  
  88  10:12  Zergling x4  
  88  10:13  Zergling x5  
  88  10:14  Zergling x14  
  88  10:15  Zergling x15  
  88  10:16  Zergling x22  
  88  10:17  Zergling x7  
  88  10:18  Zergling x24  
  88  10:19  Zergling x7  
  93  10:20  Zergling x17  
  93  10:21  Zergling x2  
  93  10:26  Omega Worm  
  91  11:15  Zerg Melee Weapons Level 3  
  91  11:19  Hydralisk Den  
  83  11:20  Zergling x2  
  83  11:21  Zergling x30  
  83  11:22  Zergling x10  
  83  11:23  Zergling x8  
  83  11:24  Zergling x4  
  83  11:25  Zergling x5  
  83  11:26  Zergling x4  
  83  11:27  Zergling x2  
  83  11:28  Zergling x16  
  83  11:29  Zergling x5  
  102  11:30  Zergling x7  
  102  11:31  Zergling x3  
  102  11:33  Zergling  
  102  11:34  Zergling x3  
  102  11:37  Zergling x3  
  100  11:51  Zergling x2  
  100  11:54  Omega Worm  
  100  11:56  Zergling x15  
  100  11:57  Zergling x7  
  70  12:00  Omega Worm, Zergling  
  70  12:01  Zergling x11  
  70  12:02  Zergling x9  
  70  12:08  Zergling x8  
  70  12:10  Queen  
  70  12:11  Queen  
  70  12:13  Drone x2  
  70  12:14  Drone x3  
  75  12:20  Muscular Augments  
  91  12:24  Hydralisk x4  
  91  12:25  Hydralisk x2  
  87  12:43  Zerg Missile Weapons Level 1  
  87  12:45  Nydus Network  
  87  12:46  Nydus Network  
  85  12:54  Zergling x2  
  85  12:55  Zergling x2  
  85  13:02  Omega Worm  
  85  13:09  Hydralisk, Zergling  
  95  13:10  Hydralisk x4, Zergling  
  95  13:11  Zergling x3  
  95  13:12  Zergling x7  
  95  13:13  Zergling x3  
  95  13:14  Omega Worm, Zergling x5  
  95  13:15  Zergling x3  
  95  13:23  Zergling x10  
  95  13:24  Zergling x8  
  95  13:25  Zergling x10  
  95  13:26  Zergling x12  
  95  13:27  Hydralisk x2, Zergling x10  
  95  13:28  Zergling x14  
  95  13:29  Zergling x6  
  82  13:30  Zergling x10  
  99  13:31  Zergling x21  
  99  13:32  Zergling x7  
  99  13:33  Zergling x11  
  99  13:34  Zergling x7  
  99  13:37  Extractor  
  99  13:38  Extractor  
  99  13:39  Drone x2  
  103  13:43  Drone  
  103  13:57  Zergling x7  
  103  13:58  Zergling  
  103  13:59  Overlord x3, Zergling x8  
  103  14:00  Zergling  
  105  14:11  Hydralisk  
  105  14:14  Zerg Missile Weapons Level 2  
  105  14:15  Ancillary Carapace  
  105  14:35  Omega Worm  
  105  14:39  Omega Worm  
  105  14:42  Zergling x3  
  105  14:43  Zergling x8  
  105  14:44  Omega Worm, Zergling x11  
  105  14:45  Zergling x8  
  105  14:46  Zergling x7  
  105  14:48  Omega Worm  
  107  14:51  Drone, Frenzy  
  107  14:52  Drone x6  
  107  14:55  Hydralisk  
  107  14:56  Drone x2  
  116  15:01  Zergling  
  116  15:04  Zergling x2  
  116  15:05  Zergling x6  
  116  15:06  Zergling x9  
  116  15:07  Zergling x14  
  105  15:17  Drone x2  
  105  15:18  Drone  
  105  15:19  Hydralisk x2  
  114  15:20  Hydralisk x2  
  114  15:25  Hydralisk x2  
  107  15:38  Hydralisk x2  
  109  15:42  Omega Worm  
  109  15:47  Hydralisk x2  
  113  15:52  Zergling x4  
  113  15:53  Zergling x3  
  113  15:54  Omega Worm, Zergling x3  
  113  15:55  Zergling x2  
  113  16:08  Omega Worm  
  113  16:09  Omega Worm  
  121  16:11  Hydralisk x4  
  120  16:23  Overlord x3  
  120  16:24  Zergling x2  
  120  16:25  Zergling x10  
  126  16:33  Zergling x4  
  126  16:34  Zergling x6  
  126  16:35  Zergling x10  
  126  16:36  Zergling x8  
  126  16:37  Zergling x5  
  126  16:38  Zergling x11  
  126  16:39  Zergling x5  
  126  16:40  Zergling x8  
  126  16:41  Zergling x6  
  134  16:54  Hydralisk x4  
  134  17:06  Nydus Network  
  134  17:09  Omega Worm  
  133  17:10  Omega Worm  
  133  17:18  Hydralisk x3  
  139  17:32  Overlord x2  
  139  17:35  Omega Worm  
  139  17:36  Omega Worm  
  139  17:38  Zergling x6  
  139  17:39  Zergling x9  
  139  17:40  Zergling x9  
  139  17:41  Zergling x10  
  139  17:42  Nydus Network, Zergling x7  
  139  17:43  Zergling x9  
  139  17:44  Zergling x8  
  139  17:45  Zergling x5  
  139  17:46  Zergling x4  
  139  17:47  Zergling x9  
  139  17:48  Zergling  
  138  17:53  Overlord x3  
  138  17:57  Hydralisk x2  
  142  18:02  Zergling x11  
  142  18:03  Zergling x9  
  142  18:04  Zergling x6  
  142  18:05  Zergling x6  
  142  18:06  Zergling x4  
  142  18:07  Zergling x4  
  142  18:08  Hydralisk  
  151  18:13  Zergling x2  
  151  18:15  Hydralisk x6  
  151  18:16  Hydralisk x2  
  151  18:18  Zergling x2  
  154  18:24  Omega Worm  
  154  18:27  Hydralisk  
  154  18:28  Hydralisk  
  154  18:29  Omega Worm, Zergling x2  
  147  18:30  Omega Worm  
  147  18:38  Hydralisk  
  147  18:39  Hydralisk x2  
  149  18:50  Omega Worm  
  149  18:54  Hydralisk x2  
  149  18:57  Hydralisk  
  149  19:00  Zergling  
  149  19:01  Zergling  
  149  19:02  Zergling x9  
  149  19:05  Hydralisk  
  149  19:08  Zerg Missile Weapons Level 3  
  157  19:33  Hydralisk  
  157  19:34  Hydralisk x2, Zergling x4  
  157  19:35  Zergling x8  
  157  19:36  Omega Worm  
  163  19:41  Omega Worm, Zergling x2  
  163  19:42  Zergling x3  
  163  19:43  Omega Worm, Zergling x3  
  163  19:44  Omega Worm, Zergling x2  
  163  19:45  Omega Worm  
  163  20:00  Zergling  
  163  20:01  Zergling x3  
  163  20:02  Zergling  
  163  20:05  Zergling x3  
  163  20:06  Zergling x2  
  163  20:07  Hydralisk x4, Zergling  
  163  20:08  Hydralisk  
  173  20:27  Omega Worm, Zergling x10  
  173  20:28  Zergling x5  
  173  20:29  Zergling x2  
  154  20:30  Zergling x8  
  154  20:31  Zergling x5  
  154  20:39  Hydralisk x4  
  162  20:40  Hydralisk x2  
  166  20:51  Hydralisk x2  
  166  20:56  Omega Worm  
  166  20:57  Omega Worm  
  166  20:58  Omega Worm x2  
  166  20:59  Omega Worm  
  169  21:01  Hydralisk x2  
  171  21:11  Hydralisk, Zergling x6  
  171  21:12  Zergling x12  
  171  21:13  Zergling x5  
  171  21:14  Zergling x3  
  171  21:15  Zerg Ground Armor Level 2  
  171  21:16  Zergling  
  171  21:17  Zergling x3  
  171  21:19  Zergling x3  
  170  21:31  Hydralisk  
  170  21:32  Hydralisk  
  169  21:44  Zergling x12  
  169  21:45  Zergling x4  
  169  21:46  Zergling x7  
  169  21:47  Zergling x2  
  173  22:01  Hydralisk x3  
  173  22:02  Hydralisk  
  173  22:08  Zergling x7  
  169  22:12  Zergling  
  169  22:13  Zergling x2  
  169  22:17  Zergling x2  
  169  22:18  Zergling x5  
  169  22:19  Zergling x4  
  135  22:20  Zergling x6  
  174  22:21  Zergling x2  
  174  22:22  Hydralisk, Zergling x4  
  174  22:23  Hydralisk x4, Zergling x2  
  174  22:24  Zergling x5  
  174  22:26  Zergling  
  174  22:29  Zergling x10  
  183  22:30  Zergling x4  
  183  22:32  Hydralisk  
  183  22:34  Hydralisk  
  178  22:56  Hydralisk x3  
  178  23:08  Zergling x3  
  184  23:10  Zergling x2  
  184  23:11  Zergling x2  
  184  23:12  Zergling x2  
  184  23:13  Zergling x3  
  184  23:14  Zergling x5  
  184  23:15  Hydralisk x3, Zergling x2  
  184  23:17  Zergling  
  184  23:18  Overlord x3, Zergling x3  
  184  23:19  Zergling x2  
  185  23:20  Zergling x2  
  185  23:21  Zergling x3  
  185  23:22  Zergling  
  185  23:24  Zergling  
  185  23:25  Zergling x6  
  185  23:26  Zergling x5  
  143  23:40  Zergling x2  
  176  23:43  Zergling x2  
  176  23:44  Zergling x2  
  176  23:46  Hydralisk x2  
  176  23:47  Hydralisk x3, Zergling  
  176  23:48  Zergling  
  124  24:03  Zergling x6  
  124  24:07  Hydralisk x3  
  132  24:16  Hydralisk x3  
  138  24:20  Zergling  
  138  24:21  Zergling x3  
  138  24:22  Zergling  
  138  24:23  Omega Worm  
  138  24:24  Omega Worm x2, Zergling  
  138  24:25  Omega Worm, Hydralisk, Zergling x2  
  138  24:26  Omega Worm, Hydralisk, Zergling  
  138  24:27  Omega Worm  
  140  24:34  Zergling x5  
  140  24:36  Zergling x3  
  140  24:38  Hydralisk x4  
  149  24:46  Zergling  
  149  24:48  Hydralisk  
  149  24:49  Hydralisk  
  145  24:50  Zergling  
  145  24:54  Zergling  
  142  25:28  Omega Worm x3  
  142  25:31  Omega Worm x2  
  142  25:32  Omega Worm  
  142  25:48  Hydralisk x7  
  142  25:49  Hydralisk x4  
Show
View Real Time Build Order
Export as new Build Order

zpr Terran 

Build Orders:  

Get SALT Encoding   

Tags
 
Add a new tag
Caveats
  • Supply blocks, unpowered buildings, or Contaminate may cause inaccurate times.
  • Supply counts are checked every 10 seconds.